 Dungeon Crawl Stone Soup version 0.19.1 (webtiles) character file.

376 lorenzova the Magician (level 6, -1/32 HPs)
             Began as a Deep Elf Conjurer on Dec 8, 2016.
             Was an Initiate of Vehumet.
             Killed from afar by an orc wizard (4 damage)
             ... with a magic dart
             ... on level 4 of the Dungeon.
             The game lasted 00:07:15 (3415 turns).

lorenzova the Magician (Deep Elf Conjurer)          Turns: 3415, Time: 00:07:16

Health: -1/32      AC:  3    Str:  7    XL:     6   Next: 44%
Magic:  2/17       EV: 13    Int: 22    God:    Vehumet [......]
Gold:   183        SH:  0    Dex: 15    Spells: 2 memorised, 13 levels left

rFire  . . .     SeeInvis .     (no weapon)
rCold  . . .     Gourm    .     a - +0 robe
rNeg   . . .     Faith    .     (no shield)
rPois  .         Spirit   .     (no helmet)
rElec  .         Reflect  .     o - +0 cloak
rCorr  .         Harm     .     (no gloves)
MR     .....                    (no boots)
Stlth  ++........               (no amulet)
                                (no ring)
                                j - +2 ring of strength

@: no status effects
A: no striking features
a: Renounce Religion


You were on level 4 of the Dungeon.
You worshipped Vehumet.
Vehumet was noncommittal.
You were not hungry.

You visited 1 branch of the dungeon, and saw 4 of its levels.

You collected 183 gold pieces.

Inventory:

Armour
 a - a +0 robe (worn)
 o - a +0 cloak (worn)
Jewellery
 j - a +2 ring of strength (left hand)
 p - an uncursed ring of see invisible {unknown}
Scrolls
 e - 2 scrolls of teleportation {unknown}
 g - a scroll of recharging {unknown}
 h - 2 scrolls of enchant weapon {unknown}
 k - a scroll of noise {unknown}
 n - a scroll of amnesia {unknown}
 r - a scroll of remove curse {unknown}
 u - a scroll of random uselessness {unknown}
Potions
 d - a potion of heal wounds {unknown}
 l - a potion of haste {unknown}
 m - 2 potions of mutation {unknown}
 q - a potion of resistance {unknown}
 s - a potion of curing {unknown}
 v - 2 potions of flight {unknown}
Books
 b - a book of Conjurations

   Spells                             Type                      Level
   a - Magic Dart                     Conjuration                  1
   b - Searing Ray                    Conjuration                  2
   c - Dazzling Spray                 Conjuration/Hexes            3
   d - Fulminant Prism                Conjuration/Hexes            4
   e - Iskenderun's Mystic Blast      Conjuration                  4
   f - Iskenderun's Battlesphere      Conjuration/Charms           5
Comestibles
 c - 5 bread rations
 f - 4 meat rations
 i - a slice of pizza
 t - a beef jerky


   Skills:
 - Level 2.4 Dodging
 - Level 2.4 Stealth
 + Level 6.9 Spellcasting
 + Level 6.7 Conjurations


You had 13 spell levels left.
You knew the following spells:

 Your Spells              Type           Power        Failure   Level  Hunger
a - Magic Dart            Conj           ####         1%          1    None
b - Iskenderun's Mystic   Conj           #####...     8%          4    ###....


Dungeon Overview and Level Annotations

Branches:
Dungeon (4/15)
 Temple: D:4-7

Altars:
Ashenzari
Fedhas
Hepliaklqana
Makhleb
Vehumet
Jiyva


Message History

An orc wizard comes into view.
It is wielding a dagger of electrocution.
The orc wizard shouts!
The orc wizard hits you but does no damage.
An orc comes into view.
An orc priest comes into view. It is wielding a whip.
The orc priest shouts!
An orc comes into view.
An orc comes into view.
The orc moves out of view.
The orc wizard misses you.
The orc shouts!
The orc wizard hits you but does no damage.
The orc wizard gestures wildly while chanting.
The orc wizard gestures at you while chanting.
The magic dart hits you!
* * * LOW HITPOINT WARNING * * *
The orc wizard mumbles some strange words.
The orc wizard blinks!
The orc wizard points at you and mumbles some strange words.
The magic dart hits you!
You die...

.... #....#.........#
.... ###..#⌠..#'##.⌠#
.##.## #...###....####
... #.#....#...#
#.##.##...#...# .
#..#.#§...#.###...
######.................
..........o.o.o......##
.######@#...o..o.<.....
...#...#..............
..##..>.....o.........#.
.........#..............
#...#<...#............#.
.#....................
##...)..<...........
#....##.......†......
#...........).......


You could see an orc wizard and 2 orcs.

Vanquished Creatures
  An ogre (D:4)
  A howler monkey (D:4)
  An orc priest (D:4)
  A centaur skeleton (D:4)
  A worker ant (D:4)
  4 gnolls (D:2)
  6 adders
  4 worms
  2 dart slugs
  A leopard gecko (D:3)
  5 orcs
  7 bats
  2 giant cockroaches
  7 goblins
  5 hobgoblins
  8 jackals (D:3)
  6 kobolds
  2 quokkas
  3 frilled lizards
  A quokka skeleton (D:4)
  4 rats
72 creatures vanquished.

Notes
Turn   | Place    | Note
-------+----------+-------------------------------------------
     0 | D:1      | lorenzova the Deep Elf Conjurer began the quest for the Orb.
     0 | D:1      | Reached XP level 1. HP: 10/10 MP: 6/6
    51 | D:1      | Found a viscous altar of Jiyva.
    51 | D:1      | Noticed a jelly
    51 | D:1      | Noticed a jelly
    51 | D:1      | Noticed a jelly
    51 | D:1      | Noticed a jelly
    51 | D:1      | Noticed a jelly
    54 | D:1      | Noticed a jelly
   186 | D:1      | Reached XP level 2. HP: 15/15 MP: 4/8
  1027 | D:2      | Found a faded altar of an unknown god.
  1103 | D:2      | Reached XP level 3. HP: 19/19 MP: 2/10
  1189 | D:2      | Reached skill level 5 in Conjurations
  1412 | D:2      | Reached XP level 4. HP: 24/24 MP: 4/12
  1418 | D:2      | Learned a level 4 spell: Iskenderun's Mystic Blast
  1530 | D:2      | Reached skill level 5 in Spellcasting
  2595 | D:3      | Reached XP level 5. HP: 28/28 MP: 8/14
  2633 | D:3      | Found a hazy altar of Hepliaklqana.
  2641 | D:3      | Found a blossoming altar of Fedhas.
  2641 | D:3      | Found a radiant altar of Vehumet.
  2650 | D:3      | Became a worshipper of Vehumet
  3071 | D:4      | Noticed an ogre
  3165 | D:4      | Killed an ogre
  3165 | D:4      | Reached XP level 6. HP: 32/32 MP: 7/17
  3299 | D:4      | Found a shattered altar of Ashenzari.
  3370 | D:4      | Found a burning altar of Makhleb.
  3415 | D:4      | Killed from afar by an orc wizard

Skill      XL: |  1  2  3  4  5 |
---------------+----------------+-----
Spellcasting   | 4 5 6 |  6.9
Conjurations   | 5 6 |  6.7
Dodging        | |  2.4
Stealth        | |  2.4

Action                   |  1- 3 |  4- 6 || total
-------------------------+-------+-------++-------
 Cast: Magic Dart        |    63 |   110 ||   173
       Iskenderun's Myst |       |     6 ||     6
  Eat: Chunk             |     1 |     7 ||     8
Armor: Robe              |     1 |     5 ||     6
Dodge: Dodged            |     3 |    12 ||    15
